Map: Backwater LE

Players

Semper

  • Race: Terran Terran
  • League: Master
  • Spawn Location: 11:00

JonSnow - Winner!

  • Race: Zerg Zerg
  • League: Master
  • Spawn Location: 5:00

VOD

Have the link to the VOD?

Description

Time

  • Played on: Feb. 2, 2018, 1:18 p.m.
  • Length: 17:06
Show
View Real Time Build Order
Export as new Build Order

Semper Terran 

Build Orders: Reaper Expand, Bio Tank 

Get SALT Encoding   

  12  0:00  SCV  
  13  0:13  SCV  
  14  0:17  Supply Depot  
  14  0:25  SCV  
  15  0:39  SCV  
  15  0:40  Barracks  
  16  0:43  Refinery  
  16  0:51  SCV  
  17  1:03  SCV  
  18  1:15  SCV  
  19  1:27  Reaper, Orbital Command  
  20  1:40  Command Center  
  20  1:51  Supply Depot  
  20  1:52  SCV  
  21  1:59  Marine  
  22  2:05  SCV  
  23  2:09  Factory  
  23  2:17  SCV, Refinery  
  23  2:21  Barracks Reactor  
  24  2:30  SCV  
  25  2:42  SCV  
  26  2:52  Orbital Command  
  26  2:58  Widow Mine, Marine, Starport  
  28  2:59  SCV, Marine  
  31  3:11  SCV  
  32  3:16  Marine x2  
  32  3:18  SCV  
  35  3:23  SCV  
  36  3:28  Supply Depot  
  36  3:30  SCV  
  37  3:36  SCV  
  37  3:37  Medivac  
  37  3:39  Hellion  
  37  3:40  Hellion  
  43  3:42  SCV, Barracks Tech Lab  
  43  3:48  SCV  
  45  3:51  Supply Depot  
  45  3:54  SCV  
  46  4:00  SCV  
  46  4:01  Hellion x2  
  51  4:05  Marine  
  51  4:06  Stimpack  
  51  4:07  Viking  
  54  4:13  SCV  
  54  4:15  Supply Depot, SCV  
  56  4:22  Hellion x2  
  56  4:23  Marine, Liberator  
  61  4:25  SCV  
  62  4:37  SCV  
  63  4:42  Command Center  
  63  4:43  SCV  
  70  4:58  Marine  
  64  5:05  SCV  
  60  5:07  SCV  
  60  5:12  Engineering Bay x2  
  61  5:14  Barracks  
  61  5:15  Supply Depot, Refinery  
  61  5:16  Barracks, Refinery  
  61  5:17  SCV  
  61  5:19  SCV  
  61  5:20  Factory Tech Lab  
  61  5:26  Supply Depot, Marine  
  61  5:27  Starport Reactor  
  62  5:29  SCV  
  62  5:31  SCV  
  64  5:41  SCV  
  65  5:43  SCV  
  65  5:46  Marine, Terran Infantry Armor Level 1, Terran Infantry Weapons Level 1  
  65  5:48  Siege Tank  
  70  5:53  SCV  
  70  5:55  Supply Depot, SCV  
  72  6:03  SCV  
  73  6:04  Marine, Barracks  
  73  6:05  Barracks  
  73  6:08  SCV  
  75  6:12  Marine x2, Combat Shields  
  75  6:13  Barracks Reactor  
  75  6:14  Medivac x2  
  75  6:15  SCV  
  82  6:22  SCV  
  82  6:24  Marine  
  85  6:26  Siege Tank  
  85  6:28  SCV, Orbital Command  
  85  6:30  Marine  
  87  6:34  SCV  
  88  6:40  SCV  
  88  6:46  SCV  
  89  6:51  Marine x2  
  90  6:55  Marine x2  
  90  6:56  Marine, Medivac x2  
  90  6:57  Barracks Reactor  
  90  6:58  Barracks Reactor  
  90  6:59  SCV x3  
  100  7:02  Supply Depot x2, Refinery x2  
  100  7:09  Marine x2  
  100  7:11  SCV x3  
  100  7:13  Marine x3  
  108  7:23  SCV, Siege Tank  
  108  7:27  Marine x2  
  114  7:30  SCV, Armory  
  114  7:31  Marine x3  
  114  7:32  Factory  
  118  7:39  Marine  
  118  7:40  Marine x3  
  118  7:44  Supply Depot x2  
  122  7:45  Marine x2  
  122  7:49  Marine  
  125  8:04  Supply Depot  
  125  8:05  Siege Tank, Marine x8, Medivac  
  133  8:06  Marine  
  133  8:07  Medivac  
  133  8:23  Marine x7  
  129  8:28  Marine x2  
  131  8:35  Medivac  
  131  8:37  Siege Tank, Command Center, Medivac  
  131  8:39  Supply Depot  
  131  8:40  Supply Depot  
  131  8:41  Marine x7, Factory Tech Lab  
  143  8:45  Marine  
  143  8:46  Marine  
  143  8:47  Terran Infantry Weapons Level 2  
  147  8:49  Terran Infantry Armor Level 2  
  147  8:52  Liberator  
  147  8:53  Liberator  
  147  8:58  Marine x2  
  147  9:00  Marine x4  
  153  9:03  Supply Depot  
  153  9:04  Supply Depot  
  153  9:08  Marine x2  
  161  9:17  Siege Tank  
  161  9:21  Marine  
  161  9:22  Marine x2  
  165  9:24  Marine x3  
  165  9:25  Marauder  
  165  9:30  Terran Vehicle Weapons Level 1  
  165  9:31  Supply Depot  
  170  9:32  Supply Depot  
  165  9:39  Siege Tank  
  163  9:50  Siege Tank  
  163  9:51  Marine x6, Marauder  
  174  9:53  Marine x2  
  174  9:59  Barracks  
  176  10:11  Siege Tank  
  159  10:21  Marine  
  159  10:22  Siege Tank, Liberator x2  
  159  10:24  Marine x3, Marauder  
  159  10:25  Planetary Fortress  
  159  10:26  SCV x2  
  161  10:31  Barracks  
  161  10:34  Barracks  
  161  10:38  Marine  
  168  10:45  Marauder  
  168  10:46  Marine x2  
  168  10:47  Marine  
  168  10:48  Barracks Tech Lab  
  171  10:56  Marine  
  171  10:59  Marine x2  
  171  11:00  Siege Tank x2  
  179  11:07  Marauder  
  180  11:18  Marine  
  177  11:19  Marauder  
  177  11:21  SCV x3  
  177  11:25  Sensor Tower, Terran Infantry Weapons Level 3, Command Center  
  173  11:28  Marauder  
  173  11:37  Barracks Tech Lab x2  
  173  11:41  Refinery  
  173  11:42  Refinery  
  173  11:44  Ghost Academy  
  173  11:47  Starport  
  173  11:48  Terran Infantry Armor Level 3  
  173  11:49  Marauder  
  175  12:00  Concussive Shells, Marauder  
  177  12:11  Marauder  
  178  12:19  Ghost x2  
  178  12:21  Ghost  
  180  12:27  Marine  
  180  12:29  Starport Reactor, Terran Ship Weapons Level 1  
  180  12:31  Ghost  
  173  12:38  Marine x2  
  175  12:48  Ghost  
  175  12:49  Marauder  
  178  12:57  Ghost  
  172  13:00  Ghost  
  172  13:05  Missile Turret  
  174  13:09  Ghost  
  175  13:12  Refinery  
  175  13:16  Ghost  
  175  13:17  Siege Tank x2, Marine  
  184  13:20  Planetary Fortress  
  184  13:22  SCV x2  
  184  13:23  SCV  
  184  13:26  Ghost  
  189  13:27  Missile Turret  
  189  13:31  Liberator  
  152  13:49  Siege Tank, Marine  
  152  13:50  Marine  
  152  13:51  Marauder  
  152  13:52  Ghost, Marine  
  152  13:53  Marauder, Marine, Liberator x2  
  152  13:54  Liberator  
  152  13:55  Marine  
  121  13:56  SCV x2, Marine  
  121  13:58  Marine x2  
  121  13:59  Marauder  
  128  14:07  Marine  
  128  14:08  Marine  
  127  14:10  Marine  
  127  14:12  Marauder  
  127  14:14  Marine, Liberator  
  127  14:15  Marauder  
  142  14:19  Ghost  
  142  14:20  Marine x3  
  142  14:21  Marauder  
  142  14:23  SCV  
  142  14:24  SCV x3  
  153  14:25  Marine  
  153  14:26  Marine x2  
  153  14:28  Marine  
  157  14:36  Marine, Liberator  
  157  14:37  Marauder  
  163  14:45  Personal Cloaking  
  160  14:53  Medivac  
  160  14:55  Ghost x2  
  166  15:00  Marine  
  166  15:01  Marauder  
  160  15:08  Liberator x2  
  160  15:10  Marine  
  160  15:11  Marine x2  
  160  15:12  Marauder  
  147  15:14  Marine  
  147  15:15  Marine  
  147  15:16  Marine x2  
  147  15:17  SCV  
  147  15:18  SCV x2, Marine  
  147  15:22  Marauder  
  147  15:23  Liberator  
  147  15:24  Marauder x2  
  147  15:27  Marine  
  159  15:29  Marine  
  159  15:30  Marine  
  159  15:31  Medivac  
  159  15:33  Marauder  
  162  15:42  Orbital Command  
  165  15:43  Ghost  
  167  15:50  SCV  
  167  15:51  Liberator  
  167  15:53  Supply Depot  
  167  15:54  Supply Depot  
  167  15:55  Siege Tank  
  171  16:01  Medivac  
  171  16:03  Ghost  
  176  16:14  Marine, Marauder x2  
  176  16:16  Marine x2  
  176  16:25  Ghost  
  169  16:26  Marine  
  169  16:28  SCV x2  
  169  16:29  SCV x2  
  169  16:32  Marine  
  169  16:33  Marauder  
  167  16:40  SCV  
  167  16:41  SCV  
Show
View Real Time Build Order
Export as new Build Order

JonSnow Zerg - Winner!

Build Orders: Hatch First 

Get SALT Encoding   

  12  0:01  Drone  
  13  0:12  Overlord  
  13  0:17  Drone  
  14  0:30  Drone  
  14  0:31  Drone  
  14  0:35  Drone  
  17  0:52  Hatchery  
  17  0:55  Drone  
  17  0:57  Drone  
  18  1:08  Extractor  
  17  1:13  Spawning Pool  
  17  1:16  Drone  
  17  1:21  Drone  
  18  1:28  Drone  
  19  1:38  Drone  
  20  1:49  Overlord  
  20  2:00  Queen  
  22  2:04  Queen, Zergling x4  
  26  2:09  Metabolic Boost  
  26  2:10  Drone  
  27  2:16  Drone  
  28  2:31  Hatchery  
  28  2:35  Drone x2  
  28  2:41  Drone x2  
  30  2:47  Queen  
  32  2:53  Overlord  
  32  2:59  Overlord  
  32  3:01  Drone  
  33  3:08  Drone x2  
  36  3:12  Drone  
  36  3:15  Drone x3  
  36  3:16  Drone  
  40  3:20  Drone  
  41  3:28  Lair  
  41  3:31  Drone x3  
  44  3:38  Overlord, Extractor  
  43  3:42  Queen  
  43  3:45  Drone  
  43  3:47  Drone  
  47  3:49  Overlord  
  47  3:52  Drone  
  47  3:53  Drone  
  49  3:56  Drone x2  
  49  3:58  Drone  
  49  4:00  Drone  
  53  4:03  Extractor  
  53  4:06  Baneling Nest  
  53  4:09  Zergling x6  
  54  4:12  Drone  
  54  4:16  Queen  
  56  4:25  Spore Crawler  
  56  4:26  Overseer  
  56  4:28  Drone x5  
  56  4:30  Overseer  
  61  4:31  Drone  
  61  4:33  Drone x2  
  63  4:38  Drone x3  
  67  4:45  Drone x2  
  67  4:47  Overlord  
  67  4:48  Overlord  
  68  4:56  Zergling x4  
  62  5:01  Zergling x6  
  62  5:09  Drone x4  
  62  5:10  Drone  
  67  5:16  Centrifical Hooks  
  67  5:19  Evolution Chamber  
  66  5:27  Evolution Chamber  
  65  5:32  Baneling x3  
  65  5:33  Drone x7  
  72  5:35  Drone  
  72  5:39  Drone  
  74  5:45  Drone  
  74  5:47  Zerg Melee Weapons Level 1, Extractor  
  74  5:49  Drone  
  75  5:51  Hydralisk Den  
  75  5:55  Extractor  
  75  5:56  Extractor  
  70  6:08  Drone x2  
  70  6:09  Drone x2, Zerg Ground Armor Level 1  
  70  6:10  Drone x7  
  80  6:17  Drone  
  81  6:21  Pneumatized Carapace  
  81  6:23  Overlord  
  81  6:27  Hatchery  
  81  6:30  Zergling x2  
  81  6:32  Overlord  
  81  6:43  Overlord  
  81  6:44  Hatchery  
  81  6:45  Zergling x8  
  81  6:46  Zergling x8  
  85  6:50  Grooved Spines  
  85  6:53  Zergling x4  
  86  6:59  Hydralisk x4  
  94  7:02  Overlord  
  94  7:05  Infestation Pit  
  94  7:06  Drone x2  
  95  7:13  Drone x2  
  95  7:14  Drone x2  
  95  7:15  Drone  
  99  7:22  Drone  
  100  7:25  Drone x4  
  100  7:29  Baneling x8  
  103  7:31  Hydralisk  
  103  7:37  Baneling x2  
  103  7:39  Zergling x2  
  103  7:40  Zergling x12  
  110  7:46  Zergling x2  
  110  7:49  Zergling x10  
  112  7:54  Hydralisk x3  
  112  7:55  Zergling x2  
  112  7:57  Queen  
  121  7:58  Zergling x2  
  121  7:59  Zerg Melee Weapons Level 2, Zergling x4  
  121  8:01  Muscular Augments  
  124  8:11  Zergling x2  
  121  8:20  Zergling x12  
  121  8:22  Zergling x8  
  121  8:24  Hydralisk  
  121  8:25  Zergling x6  
  125  8:29  Hive  
  125  8:35  Overlord x4  
  125  8:42  Overlord x3  
  125  8:53  Zerg Ground Armor Level 2, Queen  
  127  8:57  Zergling x22  
  137  9:05  Queen  
  137  9:08  Zergling x16  
  146  9:12  Overlord  
  146  9:13  Drone  
  146  9:14  Drone x4  
  151  9:21  Zergling x2  
  151  9:22  Zergling x12  
  158  9:24  Overlord  
  158  9:33  Zergling x8  
  157  9:40  Extractor  
  157  9:43  Drone, Extractor  
  151  9:46  Hydralisk x5  
  151  9:47  Zergling x10  
  151  9:51  Baneling x3  
  151  9:52  Baneling x10  
  165  9:57  Zergling x8  
  165  9:58  Zergling x4  
  172  10:00  Viper  
  172  10:06  Zergling x6  
  164  10:16  Viper x2  
  164  10:17  Adrenal Glands  
  164  10:20  Ultralisk Cavern  
  168  10:21  Zergling x2  
  168  10:22  Zergling x6  
  172  10:33  Overlord x2  
  172  10:35  Drone  
  173  10:37  Zergling x14  
  173  10:38  Zergling x6  
  183  10:46  Spire  
  183  10:47  Queen  
  183  10:59  Hatchery  
  181  11:09  Drone x3  
  181  11:10  Drone x3  
  181  11:11  Zerg Ground Armor Level 3, Zerg Melee Weapons Level 3  
  181  11:15  Chitinous Plating  
  179  11:18  Hatchery  
  178  11:38  Ultralisk x2  
  178  11:39  Ultralisk  
  196  11:44  Drone x3  
  196  11:45  Drone  
  198  11:58  Ultralisk  
  198  12:15  Extractor  
  197  12:16  Zerg Flyer Armor Level 1, Extractor  
  197  12:19  Zergling x8  
  198  12:30  Hatchery  
  198  12:32  Baneling x2  
  198  12:33  Baneling x3  
  198  12:34  Zergling x14  
  199  12:38  Baneling x3  
  199  12:39  Baneling  
  199  12:48  Hatchery  
  190  12:55  Hydralisk x4  
  197  13:00  Zergling x4  
  198  13:17  Extractor  
  197  13:29  Zergling x6  
  198  13:41  Corruptor x6  
  182  13:44  Corruptor x3  
  182  13:45  Ultralisk x2  
  182  13:46  Zergling x2  
  187  13:49  Ultralisk, Extractor  
  187  13:50  Zergling x20  
  187  13:52  Zergling x2  
  182  13:58  Corruptor x2  
  182  13:59  Zergling x2  
  180  14:07  Ultralisk, Zergling x12  
  189  14:14  Zergling x8  
  189  14:15  Extractor  
  189  14:16  Overseer  
  189  14:17  Overseer  
  189  14:19  Zergling x2  
  189  14:21  Overlord  
  189  14:23  Queen  
  192  14:24  Zerg Missile Weapons Level 1  
  192  14:32  Greater Spire  
  192  14:33  Baneling x7  
  192  14:34  Zergling x16  
  200  14:42  Baneling x6  
  200  14:50  Zergling x2  
  200  14:51  Zergling x8  
  199  14:59  Zergling x18  
  195  15:07  Ultralisk x2  
  200  15:10  Zergling x6  
  200  15:14  Zergling x2  
  175  15:22  Zergling x8  
  175  15:44  Brood Lord x4  
  175  15:45  Brood Lord x3  
  175  15:46  Overseer, Hatchery  
  188  15:53  Corruptor x2  
  188  15:55  Zergling x8  
  196  15:59  Overseer  
  187  16:20  Zergling x18  
  191  16:27  Corruptor  
  191  16:28  Zergling x4  
  191  16:29  Zergling x6  
  191  16:31  Zergling x4  
Tags
 
Add a new tag
Caveats
  • Supply blocks, unpowered buildings, or Contaminate may cause inaccurate times.
  • Supply counts are checked every 10 seconds.